 Dungeon Crawl Stone Soup version 0.28-a0-991-g956f0ee3d5 (webtiles) character file.

Game seed: 6011133872579171088

5092 siradein the Nimble (level 10, -7/77 HPs)
             Began as a Djinni Air Elementalist on Dec 4, 2021.
             Was a Believer of Makhleb.
             Mangled by a white ugly thing (36 damage)
             ... on level 10 of the Dungeon.
             The game lasted 00:29:25 (12198 turns).

siradein the Nimble (Djinni Air Elementalist)      Turns: 12198, Time: 00:29:26

Health: -7/77      AC: 10    Str:  7    XL:     10   Next: 87%
Gold:   586        EV: 17    Int: 20    God:    Makhleb [**....] SH:  0 Dex: 15

rFire   + + .      SeeInvis .   D - +3 spear (vorpal)
rCold   x . .      Faith    .   (no shield)
rNeg    . . .      Spirit   .   E - +0 steam dragon scales
rPois   ∞          Reflect  .   r - +2 hat {Stlth+}
rElec   .          Harm     .   C - +2 cloak
rCorr   .          Rampage  .   (no gloves)
Will    ++...                   (boots unavailable)
Stlth   +++.......              j - amulet of the acrobat
HPRegen 0.22/turn               h - ring of willpower
MPRegen 0.00/turn               (no ring)

@: swift, flying, quick
A: sickness immunity, fire resistance 2, cold vulnerability 1, float, innate
caster, hp casting, extra vitality 1
a: Renounce Religion, Minor Destruction


You were on level 10 of the Dungeon.
You worshipped Makhleb.
Makhleb was pleased with you.
You visited 2 branches of the dungeon, and saw 11 of its levels.

You collected 586 gold pieces.

Inventory:

Hand Weapons
 D - a +3 vorpal spear (weapon)
Armour
 f - a +0 kite shield
 r - a +2 hat of stealth (worn)
 y - a +0 tower shield of protection
 C - a +2 cloak (worn)
 E - +0 steam dragon scales (worn)
Jewellery
 h - a ring of willpower (left hand)
 j - an amulet of the acrobat (around neck)
Wands
 s - a wand of iceblast (3)
 u - a wand of polymorph (5)
 z - a wand of flame (18)
Scrolls
 c - a scroll of fear {unknown}
 d - 3 scrolls of teleportation {unknown}
 k - 3 scrolls of immolation {unknown}
 m - 2 scrolls of noise {unknown}
 n - 5 scrolls of identify {unknown}
 o - 2 scrolls of vulnerability {unknown}
 q - a scroll of magic mapping {unknown}
 v - a scroll of fog {unknown}
 x - a scroll of holy word {unknown}
 B - a scroll of brand weapon {unknown}
Potions
 a - a potion of brilliance {unknown}
 b - a potion of berserk rage {unknown}
 e - a potion of cancellation {unknown}
 g - a potion of mutation {unknown}
 i - 6 potions of curing {unknown}
 l - 2 potions of flight {unknown}
 p - 3 potions of heal wounds {unknown}
 t - 2 potions of resistance {unknown}
 w - a potion of ambrosia {unknown}
 A - 2 potions of attraction {unknown}
 F - a potion of degeneration {unknown}


   Skills:
 + Level 8.9 Fighting
 + Level 9.9 Dodging
 - Level 1.5 Stealth
 + Level 7.3 Spellcasting


You had 4 spell levels left.
You knew the following spells:

 Your Spells              Type           Power      Damage    Failure   Level
a - Shock                 Conj/Air       100%       1d9       1%          1
b - Static Discharge      Conj/Air       36%        N/A       1%          2
c - Swiftness             Air            36%        N/A       1%          3
d - Airstrike             Air            18%        N/A       4%          4
e - Animate Skeleton      Necr           72%        N/A       1%          1
f - Call Imp              Summ           36%        N/A       1%          2
g - Tukima's Dance        Hex            36%        N/A       1%          3
h - Frozen Ramparts       Ice            72%        1d9       1%          3
Your spell library was empty.

Dungeon Overview and Level Annotations

Branches:
Dungeon (10/15)            Temple (1/1) D:4            Lair (0/6) D:9
    Orc: D:9-12

Altars:
Ashenzari
Cheibriados
Dithmenos
Elyvilon
Fedhas
Gozag
Hepliaklqana
Kikubaaqudgha
Makhleb
Nemelex Xobeh
Qazlal
Ru
Sif Muna
Uskayaw
Vehumet
Wu Jian
Xom
Yredelemnul
Zin
The Shining One

Shops:
D:4 (   D:5 (   D:7 :*

Annotations:
D:8 Gastronok


Innate Abilities, Weirdness & Mutations

You are immune to sickness and miasma.
You are immune to poison.
Your flesh is very heat resistant. (rF++)
You are vulnerable to cold. (rC-)
You float through the air rather than walking.
You learn spells naturally, not from books.
Your magical power is your life essence.
You have superior vitality. (+4 HP)


Message History

k - 3 scrolls labelled ZISMYS TOMEP (gained 1)
z - a wand of flame (18) (gained 3 charges)
A red ugly thing comes into view.
Casting: Shock (safe; 1% risk of failure)
Confirm with . or Enter, or press ? or * to list all spells.
Casting: Frozen Ramparts (safe; 1% risk of failure)
Press: ? - help, Dir - look around, f - activate You miscast Frozen Ramparts.
You are very lightly contaminated with residual magic.
Nothing appears to happen.
The red ugly thing barely misses you.
Casting: Frozen Ramparts (safe; 1% risk of failure)
Confirm with . or Enter, or press ? or * to list all spells.
Casting: Frozen Ramparts (safe; 1% risk of failure)
Press: ? - help, Dir - look around, f - activate The walls around you are covered in ice.
The wall freezes the red ugly thing.
The red ugly thing basks in your mutagenic energy and changes!
Aiming: Shock (safe; 1% risk of failure)
Press: ? - help, Q - select action, (/) - cycle Shift-Dir - straight line That beam is likely to hit you.
Continue anyway?
Okay, then.
Casting: Shock (safe; 1% risk of failure)
Confirm with . or Enter, or press ? or * to list all spells.
A metallic apparition takes form in the air.
Your frozen ramparts will break if you move.
Continue?
The frozen ramparts melt away as you move.
Your iron imp closely misses the white ugly thing.
Your magical contamination has completely faded away.
Aiming: Shock (safe; 1% risk of failure)
Press: ? - help, Q - select action, (/) - cycle Shift-Dir - straight line, f - white ugly thing
Aim: a white ugly thing (lightly wounded, ally target, 74% to hit)
The zap hits the white ugly thing.
The white ugly thing is lightly wounded.
The white ugly thing tail-slaps you! The white ugly thing freezes you!!
You feel a terrible chill!
Casting: Shock (safe; 1% risk of failure)
Confirm with . or Enter, or press ? or * to list all spells.
You feel quick. The white ugly thing tail-slaps you.
The white ugly thing freezes you!!!
You feel a terrible chill!
You die...

#...........#.###
#...........#...
###...........#.####..
#>....................
#.#...........#.####..
## #.#...........#.#
...#.#...........#.#
..#............##<.
#........@.....# .#
##......u.....# .#
#.......5.....# .#
.###.............#
......<..........#
#####...........#
########...........#
...................#
...................#


You could see a white ugly thing (ally target) and a friendly iron imp
(summoned).

Vanquished Creatures
  Pikel (Temple)
  Joseph (D:7)
  Prince Ribbit (D:7)
  A shadow (D:9)
  4 yaks (D:8)
  A steam dragon (D:8)
  3 wargs (D:9)
  A sky beast (D:7)
  2 black bears
  An ice beast (D:8)
  2 orc warriors (D:9)
  2 ogres
  A necrophage (D:5)
  3 centaurs
  A phantom (D:5)
  2 bullfrogs
  2 scorpions
  A wyvern skeleton (D:5)
  4 howler monkeys
  3 centaur zombies
  3 hounds
  2 orc priests
  2 bullfrog skeletons
  3 orc wizards (D:9)
  A hound skeleton (D:4)
  A howler monkey skeleton (D:7)
  5 gnolls (D:8)
  6 adders
  A shadow imp (D:6)
  An adder skeleton (D:4)
  11 worms
  3 dart slugs
  17 orcs
  3 bats (D:1)
  7 endoplasms
  4 giant cockroaches
  6 goblins
  A hobgoblin (D:1)
  4 jackals (D:1)
  6 quokkas
  8 ball pythons
  2 frilled lizards (D:2)
  14 kobolds
  4 rats
152 creatures vanquished.

Vanquished Creatures (collateral kills)
  A two-headed ogre (D:9)
  A gnoll sergeant (D:8)
  An orc wizard (D:9)
  An orc (D:9)
4 creatures vanquished.

Vanquished Creatures (others)
  8 dancing weapons
  A plant (D:9)
9 creatures vanquished.

Grand Total: 165 creatures vanquished

Notes
Turn   | Place    | Note
-------+----------+-------------------------------------------
     0 | D:1      | siradein the Djinni Air Elementalist began the quest for
                  | the Orb.
     0 | D:1      | Reached XP level 1. HP: 15/15 MP: 0/0
   331 | D:1      | Reached XP level 2. HP: 18/22 MP: 0/0
   548 | D:1      | Reached skill level 1 in Fighting
  1055 | D:1      | Reached XP level 3. HP: 12/27 MP: 0/0
  1055 | D:1      | Learned a level 1 spell: Animate Skeleton
  1734 | D:1      | Found a faded altar of an unknown god.
  2204 | D:2      | Reached skill level 3 in Dodging
  2204 | D:2      | Reached XP level 4. HP: 29/33 MP: 0/0
  3468 | D:3      | Found a snail-covered altar of Cheibriados.
  3662 | D:4      | Noticed a scorpion
  3929 | D:4      | Found a staircase to the Ecumenical Temple.
  3969 | Temple   | Entered the Ecumenical Temple
  4149 | Temple   | Became a worshipper of Makhleb the Destroyer
  4196 | D:4      | Reached XP level 5. HP: 34/38 MP: 0/0
  4196 | D:4      | Learned a level 2 spell: Call Imp
  4530 | D:4      | Noticed a lemure
  4530 | D:4      | Noticed Pikel
  4530 | D:4      | Noticed a lemure
  4530 | D:4      | Noticed a lemure
  4704 | Temple   | Killed Pikel
  4705 | Temple   | Reached skill level 5 in Dodging
  4705 | Temple   | Reached XP level 6. HP: 15/48 MP: 0/0
  4705 | Temple   | Reached XP level 7. HP: 17/53 MP: 0/0
  4705 | Temple   | Learned a level 3 spell: Tukima's Dance
  5103 | D:4      | Found an opulent altar of Gozag.
  5273 | D:4      | Found Iwapem's Weapon Shop.
  5346 | D:4      | Reached XP level 8. HP: 51/58 MP: 0/0
  5900 | D:5      | Entered Level 5 of the Dungeon
  5911 | D:5      | Reached skill level 5 in Fighting
  5911 | D:5      | Reached skill level 6 in Dodging
  5992 | D:5      | Found Focotuc's Weapon Emporium.
  6343 | D:5      | Reached skill level 5 in Spellcasting
  6448 | D:5      | Reached * piety under Makhleb
  6857 | D:5      | Reached XP level 9. HP: 62/66 MP: 0/0
  6857 | D:5      | Learned a level 3 spell: Frozen Ramparts
  7297 | D:6      | Found a stormy altar of Qazlal.
  7584 | D:7      | Noticed Prince Ribbit
  7601 | D:7      | Killed Prince Ribbit
  7602 | D:7      | Reached skill level 7 in Dodging
  7724 | D:7      | Found Daimonea's Self-Improvement Boutique.
  7805 | D:7      | Noticed Joseph
  8251 | D:7      | Found Gohuf's Assorted Antiques.
  8638 | D:7      | Killed Joseph
  8639 | D:7      | Reached skill level 8 in Dodging
  9266 | D:8      | Noticed Gastronok
  9735 | D:8      | Reached XP level 10. HP: 65/75 MP: 0/0
  9998 | D:8      | Reached skill level 9 in Dodging
 10303 | D:9      | Reached ** piety under Makhleb
 10644 | D:9      | Noticed a manticore
 10699 | D:9      | Noticed a two-headed ogre
 10755 | D:9      | Killed a two-headed ogre
 11344 | D:9      | Found a staircase to the Lair.
 12110 | D:9      | Noticed an ice dragon
 12153 | D:10     | Entered Level 10 of the Dungeon
 12183 | D:10     | Noticed a red ugly thing
 12198 | D:10     | Mangled by a white ugly thing

Illustrated notes

Levels and vault maps discovered:
D:1:      dpeg_arrival_refuge, layout_basic, basic_ecumenical_altar,
          hangedman_abyss_or_decor_stabs
D:2:      minmay_kobold_bridge, layout_basic
D:3:      layout_loops_cross, cheibrodos_worm_habitat
D:4:      layout_basic, grunt_gozag_statues, temple_statues, serial_shops,
          kennysheep_little_box, nicolae_wormholes, uniq_pikel
D:5:      layout_rooms, serial_shops, shop, kennysheep_generic_room_12
D:6:      layout_rooms, nicolae_qazlal_eye_of_the_storm
D:7:      layout_gridville, nicolae_overflow_crystal_walls, serial_shops,
          nicolae_shop_hallway_plus, nicolae_shop_self_help, uniq_joseph,
          uniq_prince_ribbit1
D:8:      cheibrodos_iron_armory, layout_basic, uniq_gastronok
D:9:      dragon1_lemuel, layout_stronghold, erik_lair_orcish_takeover
D:10:     layout_basic, mainiacjoe_overflow_paths, lightli_temple_of_fire,
          grunt_decor_one_mirror
Temple:   regret_index_temple_sphere_string

Skill      XL: |  1  2  3  4  5  6  7  8  9 10 |
---------------+-------------------------------+-----
Fighting       | 1 2 4 5 7 8 |  8.9
Dodging        | 3 5 6 8 9 |  9.9
Spellcasting   | 3 4 5 6 7 |  7.3
Stealth        | |  1.5

Action                   |  1- 3 |  4- 6 |  7- 9 | 10-12 || total
-------------------------+-------+-------+-------+-------++-------
Melee: Short sword       |    10 |     1 |       |       ||    11
       Whip              |       |       |     9 |       ||     9
       Spear             |       |       |       |    11 ||    11
 Cast: Shock             |    81 |    85 |   193 |    88 ||   447
       Call Imp          |       |     7 |    10 |    10 ||    27
       Tukima's Dance    |       |       |    12 |    12 ||    24
       Frozen Ramparts   |       |       |     8 |    13 ||    21
       Airstrike         |       |       |     3 |       ||     3
       Swiftness         |       |       |       |     1 ||     1
Armor: Leather armour    |     9 |     4 |    21 |       ||    34
       Robe              |     1 |       |       |       ||     1
       Steam dragon scal |       |       |       |    18 ||    18
Dodge: Dodged            |    12 |    25 |    76 |    73 ||   186

Table legend: (Time is in decaauts)
 A = Elapsed time spent in this place.
 B = Non-inter-level travel time spent in this place.
 C = Inter-level travel time spent in this place.
 D = Time resting spent in this place.
 E = Time spent auto-exploring this place.
 F = Levels seen in this place.
 G = Mean time per level.
                   A        B        C        D        E       F      G
               +--------+--------+--------+--------+--------+-----+--------+
         Total |  12200 |  12019 |    181 |   1142 |   8126 |  11 | 1109.1 |
       Dungeon |  11653 |  11511 |    142 |    942 |   7998 |  10 | 1165.3 |
        Temple |    546 |    507 |     39 |    200 |    128 |   1 |  546.0 |
               +--------+--------+--------+--------+--------+-----+--------+

Top non-repeatable levels by time:
     D:1: 1938 daAuts
     D:9: 1910 daAuts
     D:4: 1703 daAuts
     D:8: 1439 daAuts
     D:7: 1211 daAuts
     D:5: 1018 daAuts
     D:2: 1004 daAuts
     D:3: 708 daAuts
     D:6: 674 daAuts
  Temple: 546 daAuts
    D:10: 44 daAuts
